 Dungeon Crawl Stone Soup version 0.24.0-1-gfbc8707 (webtiles) character file.

Game seed: 7247302860898642257, levelgen mode: deterministic

48489 MacrostheBlack the Covert (level 14, -6/109 HPs)
             Began as a Spriggan Enchanter on Nov 4, 2019.
             Killed by divine providence
             ... invoked by a meliai
              (14 damage)
             ... on level 11 of the Dungeon on Nov 5, 2019.
             The game lasted 02:17:54 (28028 turns).

MacrostheBlack the Covert (Spriggan Enchanter)     Turns: 28028, Time: 02:17:55

Health: -6/109     AC:  4    Str: 14    XL:     14   Next: 12%
Magic:  0/29       EV: 40    Int: 17    God:
Gold:   1364       SH:  9    Dex: 31    Spells: 17/33 levels left

rFire    . . .     SeeInvis +   Q - +2 dagger (elec)
rCold    . . .     Gourm    .   H - +0 buckler of Liberty {Str+5}
rNeg     . . .     Faith    .   w - +2 robe {MR+}
rPois    .         Spirit   +   s - +0 hat
rElec    .         Reflect  .   V - scarf {Spirit}
rCorr    .         Harm     .   (gloves unavailable)
MR       +++..                  (boots unavailable)
Stlth    ..........             P - amulet of the acrobat
HPRegen  0.28/turn              C - +5 ring of dexterity
MPRegen  0.21/turn              L - ring of wizardry

@: mighty, agile, berserking, lethally poisoned (-6 -> -12), very quick
A: very small, unfitting armour, see invisible, herbivore, speed 3, slow
metabolism 2
a: no special abilities


You were on level 11 of the Dungeon.
You were not hungry.

You visited 4 branches of the dungeon, and saw 20 of its levels.
You also visited: Ossuary.

You collected 1484 gold pieces.
You spent 120 gold pieces at shops.

Inventory:

Hand Weapons
 l - a +4 hunting sling
 n - a +1 vampiric dagger
 q - a +0 dagger of venom
 Q - a +2 dagger of electrocution (weapon)
 Y - the +6 falchion "Beastbane" {freeze, rN+ Int+2}
   (You found it on level 2 of the Orcish Mines)

   It has been specially enchanted to freeze those struck by it, causing extra
   injury to most foes and up to half again as much damage against particularly
   susceptible opponents.
   It can also slow down cold-blooded creatures.
   It affects your intelligence (+2).
   It protects you from negative energy.
Missiles
 e - 142 sling bullets
 m - 57 poisoned darts (quivered)
Armour
 s - a +0 hat (worn)
 w - a +2 robe of magic resistance (worn)
 H - the +0 buckler of Liberty (worn) {Str+5}
   (You found it on level 6 of the Dungeon)

   It affects your strength (+5).
 V - a scarf of spirit shield (worn)
 W - a +2 robe of fire resistance
 X - a +2 robe of cold resistance
Jewellery
 g - an uncursed ring of magical power
 p - an uncursed amulet of magic regeneration
 C - a +5 ring of dexterity (left hand)
 L - a ring of wizardry (right hand)
 P - an amulet of the acrobat (around neck)
Wands
 b - a wand of random effects (6)
 x - a wand of polymorph (5)
 E - a wand of scattershot (5)
 J - a wand of clouds (8)
Scrolls
 a - 8 scrolls of remove curse
 c - 3 scrolls of magic mapping
 i - 3 scrolls of enchant weapon {unknown}
 j - 3 scrolls of fog {unknown}
 k - 8 scrolls of teleportation {unknown}
 r - 3 scrolls of immolation {unknown}
 v - 2 scrolls of random uselessness {unknown}
 y - a scroll of acquirement {unknown}
 F - 4 scrolls of enchant armour {unknown}
 G - 2 scrolls of blinking {unknown}
 I - 5 scrolls of amnesia {unknown}
 K - 2 scrolls of vulnerability {unknown}
 R - 3 scrolls of fear
 Z - 2 scrolls of holy word {unknown}
Potions
 f - a potion of heal wounds
 h - 7 potions of curing
 o - 3 potions of might
 t - 6 potions of flight {unknown}
 u - a potion of haste
 z - 2 potions of magic
 A - 3 potions of agility
 B - a potion of ambrosia
 D - 3 potions of brilliance {unknown}
 N - a potion of degeneration {unknown}
 O - 4 potions of mutation {unknown}
 S - a potion of berserk rage
 U - a potion of invisibility
Miscellaneous
 M - a lamp of fire (inert)
 T - a fan of gales
Comestibles
 d - 15 rations


   Skills:
 + Level 8.1 Fighting
 - Level 13.0 Short Blades
 + Level 13.6 Dodging
 - Level 14.0 Stealth
 - Level 4.1 Shields
 - Level 10.0 Spellcasting
 - Level 10.0 Hexes
 - Level 6.2 Translocations
 + Level 0.7 Earth Magic
 - Level 8.4 Evocations


You had 17 spell levels left.
You knew the following spells:

 Your Spells              Type           Power        Failure   Level  Hunger
a - Corona                Hex            #####..      1%          1    None
b - Confuse               Hex            #####...     1%          3    None
c - Ensorcelled Hibernat  Hex/Ice        ####..       1%          2    None
d - Blink                 Tloc           N/A          1%          2    None
e - Cause Fear            Hex            #####.....   1%          4    ###....
f - Leda's Liquefaction   Hex/Erth       ####......   4%          4    ###....

Your spell library contained the following spells:

 Spells                   Type           Power        Failure   Level  Hunger
 Apportation              Tloc           ####..       1%          1    None
 Confusing Touch          Hex            #####.       1%          1    None
 Shroud of Golubria       Chrm/Tloc      ###...       1%          2    None
 Slow                     Hex            #####...     1%          2    None
 Dazzling Spray           Conj/Hex       ####..       1%          3    None
 Gell's Gravitas          Tloc           ####......   1%          3    None
 Inner Flame              Hex/Fire       ####....     1%          3    None
 Lesser Beckoning         Tloc           ####......   1%          3    None
 Portal Projectile        Hex/Tloc       #####.       1%          3    None
 Spectral Weapon          Hex/Chrm       ####....     1%          3    None
 Teleport Other           Tloc           ####....     1%          3    None
 Tukima's Dance           Hex            #####...     1%          3    None
 Passage of Golubria      Tloc           N/A          3%          4    ###....
 Animate Skeleton         Necr           N/A          4%          1    None
 Infusion                 Chrm           #...         4%          1    None
 Magic Dart               Conj           #...         4%          1    None
 Summon Small Mammal      Summ           #...         4%          1    None
 Call Imp                 Summ           #.......     6%          2    None
 Song of Slaying          Chrm           #.......     6%          2    None
 Swiftness                Chrm/Air       #.......     6%          2    None
 Conjure Flame            Conj/Fire      #.......     12%         3    None
 Mephitic Cloud           Conj/Pois/Air  #.......     12%         3    None
 Ozocubu's Armour         Chrm/Ice       #.......     12%         3    None
 Regeneration             Chrm/Necr      #.........   12%         3    None
 Iskenderun's Battlesphe  Conj/Chrm      #.......     71%         5    #####..
 Deflect Missiles         Chrm/Air       #.........   99%         6    ######.


Dungeon Overview and Level Annotations

Branches:
Dungeon (11/15)            Temple (1/1) D:6            Lair (6/6) D:11
  Swamp (0/4) Lair:3       Spider (0/4) Lair:2          Orc (2/2) D:10
    Elf (0/3) Orc:2       Ossuary (visited)
  Slime: Lair:5-6

Altars:
Ashenzari
Cheibriados
Dithmenos
Elyvilon
Fedhas
Gozag
Hepliaklqana
Kikubaaqudgha
Makhleb
Nemelex Xobeh
Okawaru
Qazlal
Ru
Sif Muna
Trog
Uskayaw
Vehumet
Wu Jian
Xom
Yredelemnul
Zin
The Shining One
Beogh

Shops:
D:11 *   Orc:2 *}([

Annotations:
D:11 1 transporter, Erolcha; Gigglenaut's ghost, journeyman GnSk
Lair:2 2 transporters, gilim's ghost, journeyman GrFi
Lair:4 1 runed translucent door


Innate Abilities, Weirdness & Mutations

You are very small and have problems with some larger weapons.
You are too small for most types of armour.
You have supernaturally acute eyesight. (SInv)
You are a herbivore.
You cover ground extremely quickly.
You need to consume almost no food.


Message History

You hear an angry buzzing noise.
You block the hornet's attack.
You closely miss Gigglenaut's ghost.
You feel sick. Gigglenaut's ghost barely misses you.
Gigglenaut's ghost's shroud bends your attack away.
You block the meliai's attack. The meliai misses you.
The hornet completely misses you.
You closely miss Gigglenaut's ghost. The killer bee completely misses you.
Gigglenaut's ghost's shroud bends your attack away!
You feel sick. The meliai hits you with a +0 hand axe.
* * * LOW HITPOINT WARNING * * *
The meliai misses you. The killer bee misses you.
You block the hornet's attack. Gigglenaut's ghost hits you.
* * * LOW HITPOINT WARNING * * *
You are electrocuted!!
* * * LOW HITPOINT WARNING * * *
You miss Gigglenaut's ghost.
The meliai mumbles some strange prayers to its god against you.
Something smites you!
You die...

#..#####..©.(#####......#.
#.###..%#...#...###.....#.
#.##..#..###..#y.##.....#.
##.###...#. #.#.###.....#.
#...#####. # ### #......#.
#..###...# ..#.#.###.....#.
#..##..#.y###..#..##.....#.
#..###y#y#yy%#...###.....#.
##...#####y@W..#####......#.
#..#..#############.......#.
######.###.......©.............##
.......# ######....#######.......
######## #....#.....#...)...
##### #....#.....#.....)[ ....#
#....#.....#.....[. ....#
#..[.#.....#....... ....#
######....####'##.......


You could see a hornet, a meliai, 3 killer bees and Gigglenaut's ghost.

Vanquished Creatures
  An orc warlord (Orc:2)
  Snorg (D:11)
  An ogre mage (Orc:2)
  A hydra (Lair:3)
  Fannar (D:11)
  Harold (D:10)
  Erica (Orc:1)
  10 two-headed ogres
  4 orc high priests (Orc:2)
  Nergalle (D:11)
  Sonja (D:11)
  Pikel (D:3)
  3 orc knights (Orc:2)
  An ugly thing (D:9)
  4 orc sorcerers (Orc:2)
  5 black mambas
  8 spiny frogs
  A gargoyle (D:10)
  6 komodo dragons
  8 trolls
  A queen bee (D:11)
  2 jumping spiders (Lair:2)
  A hippogriff (Lair:3)
  Grinder (D:5)
  Prince Ribbit (D:7)
  15 blink frogs
  3 hogs
  A wraith (D:9)
  14 yaks
  A wyvern (Lair:3)
  2 basilisks
  Grum (Lair:1)
  A human (D:9)
  3 wargs (Orc:2)
  A steam dragon (D:11)
  An acid dragon (D:9)
  7 water moccasins
  42 orc warriors
  8 porcupines
  An eye of draining (D:11)
  3 ice beasts
  2 slaves (D:4)
  5 sky beasts
  2 necrophages
  18 ogres
  10 wolves
  2 centaurs (D:9)
  3 phantoms
  4 crocodiles
  2 big kobolds
  18 bullfrogs
  A water moccasin zombie (D:9)
  4 scorpions
  11 killer bees
  5 howler monkeys
  4 crimson imps
  3 centaur zombies
  2 hounds
  A lava snake (D:10)
  A bullfrog zombie (D:11)
  2 centaur skeletons
  28 orc priests
  A gnoll shaman (D:9)
  2 jellies
  5 bullfrog skeletons
  26 orc wizards
  Natasha (twice) (D:4)
  4 iguanas
  9 worker ants
  A killer bee zombie (D:8)
  5 big kobold zombies (Ossuary)
  A hound skeleton (D:8)
  3 hound zombies
  A mummy (Ossuary)
  A howler monkey skeleton (D:11)
  A worker ant zombie (D:5)
  10 adders
  9 gnolls
  4 shadow imps
  An ooze (D:2)
  3 adder skeletons
  An adder zombie (D:9)
  A worm (D:3)
  2 dart slugs (D:1)
  5 leopard geckos
  111 orcs
  2 spectral bats (Ossuary)
  A ball python (Orc:2)
  9 giant cockroaches
  9 goblins
  5 hobgoblins
  19 jackals
  6 quokkas
  3 bats
  3 bat simulacra (Ossuary)
  6 frilled lizards
  7 gnoll zombies (Ossuary)
  2 goblin simulacra (Ossuary)
  7 goblin zombies (Ossuary)
  3 hobgoblin zombies (Ossuary)
  9 kobolds
  3 kobold simulacra (Ossuary)
  3 kobold zombies (Ossuary)
  5 orc zombies (Ossuary)
  A quokka skeleton (D:4)
  5 rats
  A rat simulacrum (Ossuary)
  2 spectral goblins (Ossuary)
  3 spectral kobolds (Ossuary)
  2 spectral rats (Ossuary)
623 creatures vanquished.

Vanquished Creatures (others)
  An orc (Orc:1)
  3 fungi
  2 plants (Lair:4)
6 creatures vanquished.

Grand Total: 629 creatures vanquished

Notes
Turn   | Place    | Note
-------+----------+-------------------------------------------
     0 | D:1      | MacrostheBlack the Spriggan Enchanter began the quest for
                  | the Orb.
     0 | D:1      | Reached XP level 1. HP: 9/9 MP: 5/5
   411 | D:1      | Reached XP level 2. HP: 13/13 MP: 6/6
  1455 | D:1      | Reached skill level 5 in Stealth
  1871 | D:2      | Reached XP level 3. HP: 6/16 MP: 8/8
  2172 | D:2      | Learned a level 3 spell: Confuse
  2175 | D:2      | Learned a level 2 spell: Ensorcelled Hibernation
  3161 | D:3      | Reached XP level 4. HP: 21/21 MP: 6/9
  3892 | D:3      | Found a faded altar of an unknown god.
  4141 | D:4      | Reached skill level 6 in Stealth
  4166 | D:4      | Reached XP level 5. HP: 14/24 MP: 10/10
  4395 | D:3      | Reached skill level 5 in Short Blades
  4716 | D:4      | Noticed a necrophage
  4831 | D:3      | Killed a necrophage
  4831 | D:3      | Reached XP level 6. HP: 16/27 MP: 9/11
  5537 | D:4      | Reached XP level 7. HP: 31/31 MP: 12/12
  5658 | D:4      | Noticed Pikel
  6044 | D:3      | Killed Pikel
  6044 | D:3      | Reached skill level 1 in Fighting
  6044 | D:3      | Reached skill level 7 in Stealth
  6044 | D:3      | Reached XP level 8. HP: 22/38 MP: 13/13
  6566 | D:4      | Noticed Natasha
  6578 | D:4      | Killed Natasha
  6657 | D:5      | Entered Level 5 of the Dungeon
  6702 | D:5      | Found a sand-covered staircase.
  6706 | Ossuary  | Entered an ossuary
  6921 | Ossuary  | Reached skill level 5 in Hexes
  7302 | Ossuary  | Reached skill level 5 in Dodging
  7394 | D:5      | Found a shimmering altar of Xom.
  7395 | D:5      | Found a shattered altar of Ashenzari.
  7397 | D:5      | Found a bloodstained altar of Trog.
  7397 | D:5      | Found a sparkling altar of Nemelex Xobeh.
  7399 | D:5      | Found an ancient bone altar of Kikubaaqudgha.
  7574 | D:5      | Reached skill level 8 in Stealth
  7752 | D:5      | Noticed Grinder
  7863 | D:4      | Noticed Natasha
  7870 | D:4      | Killed Natasha
  7896 | D:5      | Killed Grinder
  8036 | D:5      | Found a stormy altar of Qazlal.
  8036 | D:5      | Found an iron altar of Okawaru.
  8037 | D:5      | Found a shadowy altar of Dithmenos.
  8045 | D:5      | Reached XP level 9. HP: 42/42 MP: 8/16
  8206 | D:6      | Found a staircase to the Ecumenical Temple.
  8227 | Temple   | Entered the Ecumenical Temple
  9024 | D:6      | Got a slimy buckler
  9030 | D:6      | Identified the cursed +0 buckler of Liberty {Str+5} (You
                  | found it on level 6 of the Dungeon)
  9147 | D:6      | Reached skill level 9 in Stealth
  9261 | D:6      | Got a colourful robe
  9272 | D:6      | Identified the +2 robe of the Iron City of Dis {rPois rF-
                  | Str+8 Dex-5} (You found it on level 6 of the Dungeon)
  9618 | D:7      | Reached skill level 10 in Short Blades
  9623 | D:7      | Found a sacrificial altar of Ru.
  9629 | D:7      | Found a burning altar of Makhleb.
  9701 | D:7      | Reached skill level 1 in Shields
 10221 | D:7      | Noticed Prince Ribbit
 10304 | D:7      | Killed Prince Ribbit
 11216 | D:7      | Reached skill level 10 in Stealth
 11472 | D:8      | Reached XP level 10. HP: 33/49 MP: 12/17
 13865 | D:9      | Noticed a cyan ugly thing
 14330 | D:9      | Identified the cursed +1 ring mail of Qalyergh {rF+}
 14360 | D:9      | Identified the +11 glaive "Lushoh" {flame, MR+}
 14431 | D:9      | Killed a cyan ugly thing
 14547 | D:9      | Identified Zaremer's Incunabulum of Enhancements
 14552 | D:9      | Reached skill level 11 in Stealth
 14646 | D:10     | Entered Level 10 of the Dungeon
 15084 | D:10     | Found a staircase to the Orcish Mines.
 15097 | D:10     | Noticed a two-headed ogre
 15110 | D:10     | Killed a two-headed ogre
 15110 | D:10     | Reached skill level 5 in Fighting
 15110 | D:10     | Reached skill level 5 in Spellcasting
 15110 | D:10     | Reached XP level 11. HP: 47/55 MP: 3/19
 15402 | D:10     | Noticed Harold
 16195 | D:11     | Noticed Fannar
 16360 | D:11     | Noticed Sonja
 16372 | D:11     | Killed Sonja
 16372 | D:11     | Reached skill level 1 in Evocations
 16408 | D:11     | Noticed a two-headed ogre
 16415 | D:11     | Killed a two-headed ogre
 16457 | D:11     | Found Waqolif's General Store.
 16466 | D:11     | Bought a scroll of fear for 56 gold pieces
 16466 | D:11     | Bought a potion of might for 64 gold pieces
 16499 | D:11     | Reached skill level 10 in Dodging
 16529 | D:11     | Noticed Nergalle
 16534 | D:11     | Killed Nergalle
 16556 | D:11     | Found a transporter.
 16559 | D:11     | Noticed Gigglenaut's ghost (journeyman GnSk)
 16560 | D:11     | Found a transporter.
 16576 | D:11     | Found a staircase to the Lair.
 16944 | D:11     | Noticed Snorg
 16946 | D:11     | Killed Snorg
 16946 | D:11     | Reached skill level 12 in Stealth
 16964 | D:11     | Noticed Erolcha
 17042 | Orc:1    | Entered Level 1 of the Orcish Mines
 17276 | Orc:1    | Noticed Erica
 17310 | Orc:1    | Killed Erica
 17520 | Orc:2    | Entered Level 2 of the Orcish Mines
 17520 | Orc:2    | Noticed a two-headed ogre
 17617 | Orc:1    | Killed a two-headed ogre
 17617 | Orc:1    | Reached XP level 12. HP: 60/60 MP: 15/23
 17798 | Orc:2    | Noticed a two-headed ogre
 17812 | Orc:2    | Killed a two-headed ogre
 17868 | Orc:2    | Noticed a two-headed ogre
 17878 | Orc:2    | Killed a two-headed ogre
 17908 | Orc:2    | Noticed a two-headed ogre
 17939 | Orc:2    | Killed a two-headed ogre
 17939 | Orc:2    | Reached skill level 5 in Evocations
 18057 | Orc:2    | Noticed a two-headed ogre
 18067 | Orc:2    | Killed a two-headed ogre
 18396 | Orc:2    | Found Sedemp's Assorted Antiques.
 18420 | Orc:2    | Found a roughly hewn altar of Beogh.
 18421 | Orc:2    | Noticed a two-headed ogre
 18423 | Orc:2    | Killed a two-headed ogre
 18475 | Orc:2    | Noticed a two-headed ogre
 18475 | Orc:2    | Noticed an ogre mage
 18569 | Orc:2    | Reached skill level 13 in Stealth
 18971 | Orc:2    | Learned a level 2 spell: Blink
 19023 | Orc:2    | Reached skill level 1 in Translocations
 19320 | Orc:2    | Got a dazzling falchion
 19321 | Orc:2    | Identified the +6 falchion "Beastbane" {freeze, rN+ Int+2}
                  | (You found it on level 2 of the Orcish Mines)
 19345 | Orc:2    | Noticed a two-headed ogre
 19363 | Orc:2    | Killed a two-headed ogre
 19558 | Orc:2    | Found a staircase to the Elven Halls.
 19618 | Orc:2    | Found Moad Qef's Weapon Shop.
 19619 | Orc:2    | Noticed an orc high priest
 19690 | Orc:2    | Noticed an orc warlord
 19865 | Orc:2    | Killed an orc warlord
 20119 | Orc:2    | Found a roughly hewn altar of Beogh.
 20146 | Orc:2    | Noticed an orc high priest
 20273 | Orc:2    | Killed an orc high priest
 20273 | Orc:2    | Reached XP level 13. HP: 66/66 MP: 22/26
 20481 | Orc:2    | Reached skill level 5 in Translocations
 20811 | Orc:2    | Found Raeb's Armour Shoppe.
 20904 | Orc:2    | Found Paulak's Gadget Shoppe.
 22061 | D:10     | Killed Harold
 22110 | Lair:1   | Entered Level 1 of the Lair of Beasts
 22272 | Lair:1   | Noticed Grum
 22288 | Lair:1   | Killed Grum
 22666 | Lair:1   | Got a brightly glowing long sword
 22667 | Lair:1   | Identified the +1 long sword "Ylaeled" {venom, Str+3} (You
                  | found it on level 1 of the Lair of Beasts)
 23158 | Lair:2   | Found a hole to the Spider Nest.
 23398 | Lair:2   | Found a transporter.
 23492 | Lair:2   | Reached skill level 14 in Stealth
 23618 | Lair:2   | Noticed gilim's ghost (journeyman GrFi)
 23630 | Lair:2   | Found a transporter.
 23957 | Lair:3   | Found a staircase to the Swamp.
 24481 | Lair:3   | You fall into a shaft and drop 3 floors!
 24481 | Lair:6   | Entered Level 6 of the Lair of Beasts
 24993 | Lair:4   | Reached skill level 10 in Hexes
 25550 | Lair:4   | Found a runed translucent door.
 25694 | Lair:3   | Reached XP level 14. HP: 65/72 MP: 3/28
 26183 | Lair:4   | Reached skill level 10 in Spellcasting
 26712 | Lair:3   | Learned a level 4 spell: Cause Fear
 26717 | Lair:3   | Learned a level 4 spell: Leda's Liquefaction
 27700 | D:11     | Killed Fannar
 28028 | D:11     | Killed from afar by a meliai

Levels and vault maps discovered:
D:1:      minmay_arrival_semitransparent, layout_basic, roderic_lattice_a,
          corexii_corridor_pit, kennysheep_decorative_pillar
D:2:      layout_loops_ring, minmay_worlds_worst_comb
D:3:      minmay_general_purpose_star, layout_basic,
          chequers_ecumenical_altar_simple_redux
D:4:      kb_forest_paths, layout_basic, first_ration, uniq_pikel, uniq_natasha
D:5:      layout_rooms, grunt_temple_overflow_open,
          nicolae_ossuary_entry_false_entrances, uniq_grinder
D:6:      layout_loops_ring, minmay_temple_entry_stoned_glass
D:7:      layout_loops_ring, minitemple, kennysheep_donut,
          kennysheep_generic_room_5, uniq_prince_ribbit1
D:8:      layout_cave_pools
D:9:      minmay_the_grid_triangle_9x9_recursive_2_mashed
          [minmay_the_grid_triangle_9x9_prize_insulated,
          minmay_the_grid_triangle_9x9_wacky_v,
          minmay_the_grid_triangle_9x9_steps,
          minmay_the_grid_triangle_9x9_skeleton], layout_layer_cave,
          grunt_livestock
D:10:     layout_loops_cross, orc_0_dummy, kennysheep_potato, uniq_harold
D:11:     layout_gridville, lair_entry_dummy, gammafunk_ghost_hive,
          serial_shops, shop, minivault_22, uniq_sonja, uniq_nergalle,
          uniq_erolcha, uniq_snorg, uniq_fannar
Temple:   hc_temple_tempest_star
Lair:1:   layout_gridlike, uniq_grum
Lair:2:   layout_loops_ring, spider_nest_entry_a,
          gammafunk_ghost_berserking_beasts, serial_bayou_pond_c
Lair:3:   layout_chaotic_city, swamp_mist, grunt_megastairs_5, lemuel_fruit_tree
Lair:4:   gammafunk_mikee_crab_dinner, layout_misc_corridors, minivault_19
Lair:5:   layout_small_grid, slime_altar_2, grunt_forest_large_clearings,
          infiniplex_staircase_pool
Lair:6:   evilmike_catoblepas_cave, layout_gridlike, wad_woods_03
Orc:1:    layout_caves, uniq_erica
Orc:2:    pubby_orc_utopia, serial_shops

Skill      XL: |  1  2  3  4  5  6  7  8  9 10 11 12 13 14 |
---------------+-------------------------------------------+-----
Short Blades   | 2 3 4 6 7 8 9 10 11 12 13 | 13.0
Stealth        | 5 6 7 8 10 11 12 13 14 | 14.0
Fighting       | 1 2 4 5 6 7 8 |  8.1
Dodging        | 4 6 7 9 10 11 13 | 13.6
Hexes          | 4 5 6 7 8 10 | 10.0
Spellcasting   | 4 5 6 8 9 10 | 10.0
Shields        | 2 4 |  4.1
Evocations     | 4 6 8 |  8.4
Translocations | 4 6 |  6.2
Earth Magic    | |  0.7

Action                   |  1- 3 |  4- 6 |  7- 9 | 10-12 | 13-15 || total
-------------------------+-------+-------+-------+-------+-------++-------
Melee: Short sword       |   121 |     9 |   323 |       |       ||   453
       Dagger            |    38 |   198 |   214 |   702 |   494 ||  1646
       Rapier            |       |       |   209 |   321 |       ||   530
 Fire: Hunting sling     |    14 |    36 |     3 |    18 |       ||    71
Throw: Dart              |       |    29 |    66 |    14 |       ||   109
 Cast: Corona            |    23 |     4 |       |     1 |       ||    28
       Ensorcelled Hiber |    10 |     2 |    20 |       |     1 ||    33
       Confuse           |       |     4 |    31 |   170 |   135 ||   340
       Cause Fear        |       |       |       |       |     3 ||     3
       Leda's Liquefacti |       |       |       |       |     2 ||     2
Evoke: Wand              |       |       |       |    14 |       ||    14
       Lamp of fire      |       |       |       |     2 |     1 ||     3
       Fan of gales      |       |       |       |     1 |       ||     1
  Use: Scroll            |       |       |     6 |     4 |     1 ||    11
       Potion            |       |       |     1 |     2 |     3 ||     6
 Stab: Sleeping          |    15 |     6 |    46 |    26 |    33 ||   126
       Distracted        |     1 |     2 |     2 |     4 |     2 ||    11
       Confused          |       |     1 |    14 |    80 |    67 ||   162
       Petrifying        |       |       |       |       |     2 ||     2
  Eat: Ration            |       |     3 |     5 |    10 |     4 ||    22
Armor: Robe              |     9 |     9 |    57 |    32 |    12 ||   119
Dodge: Dodged            |   116 |   138 |   455 |   611 |   350 ||  1670
Block: Buckler           |       |       |       |   160 |   135 ||   295
